 Dungeon Crawl Stone Soup version 0.20-a0-772-g73021bd (webtiles) character file.

476 GagarinX the Carver (level 6, -2/52 HPs)
             Began as a Minotaur Fighter on Feb 27, 2017.
             Was a Follower of Okawaru.
             Slain by a gnoll
             ... wielding a +0 spear
              (8 damage)
             ... on level 5 of the Dungeon.
             The game lasted 00:13:45 (4212 turns).

GagarinX the Carver (Minotaur Fighter)              Turns: 4212, Time: 00:13:46

Health: -2/52      AC: 15    Str: 22    XL:     6   Next: 85%
Magic:  3/5        EV: 13    Int:  8    God:    Okawaru [*.....]
Gold:   243        SH:  0    Dex: 10    Spells: 5/5 levels left

rFire    . . .     SeeInvis .   a - +0 long sword
rCold    . . .     Gourm    .   C - +3 ring mail
rNeg     . . .     Faith    .   (no shield)
rPois    .         Spirit   .   (helmet restricted)
rElec    .         Reflect  .   (no cloak)
rCorr    .         Harm     .   o - +0 pair of gloves
MR       .....                  (no boots)
Stlth    ++........             (no amulet)
Regen    0.2/turn               m - +4 ring of protection
MPRegen  0.1/turn               l - +3 ring of intelligence

@: lethally poisoned (-2 -> -41), heroism
A: retaliatory headbutt, horns 2
a: Heroism, Renounce Religion


You were on level 5 of the Dungeon.
You worshipped Okawaru.
Okawaru was aware of your devotion.
You were hungry.

You visited 2 branches of the dungeon, and saw 6 of its levels.

You collected 243 gold pieces.

Inventory:

Hand Weapons
 a - a +0 long sword (weapon)
Armour
 b - a +0 scale mail
 c - a +0 shield
 o - a +0 pair of gloves (worn)
 C - a +3 ring mail (worn)
Jewellery
 l - a +3 ring of intelligence (left hand)
 m - a +4 ring of protection (right hand)
Wands
 A - a wand of confusion (11/48)
Scrolls
 g - a scroll of amnesia {unknown}
 i - a scroll of magic mapping {unknown}
 j - a scroll of remove curse {unknown}
 k - 2 scrolls of teleportation {unknown}
 q - 3 scrolls of enchant weapon {unknown}
 r - 2 scrolls of identify {unknown}
 s - a scroll of fear {unknown}
 x - 3 scrolls of recharging {unknown}
 y - a scroll of fog {unknown}
Potions
 d - 3 potions of might
 e - a potion of heal wounds {unknown}
 n - a potion of curing {unknown}
 p - a potion of haste {unknown}
 t - a potion of lignification {unknown}
 v - a potion of invisibility {unknown}
 w - 2 potions of cancellation {unknown}
 z - a potion of degeneration {unknown}
Comestibles
 f - 3 bread rations
 h - 3 meat rations
 u - 5 fruits
 B - a royal jelly


   Skills:
 - Level 3.7(8.7) Fighting
 + Level 9.0(14.0) Long Blades
 - Level 3.6(8.6) Armour
 - Level 3.6(8.6) Shields


You had 5 spell levels left.
You didn't know any spells.

Dungeon Overview and Level Annotations

Branches:
Dungeon (5/15)             Temple (1/1) D:4

Altars:
Ashenzari
Cheibriados
Elyvilon
Fedhas
Gozag
Hepliaklqana
Kikubaaqudgha
Makhleb
Nemelex Xobeh
Okawaru
Sif Muna
Trog
Vehumet
Wu Jian
Yredelemnul
Zin
The Shining One


Innate Abilities, Weirdness & Mutations

You reflexively headbutt those who attack you in melee.
You have a pair of horns on your head.


Message History

You gain the combat prowess of a mighty hero.
You feel very sick. The gnoll sergeant closely misses you.
The gnoll hits you from afar with a spear.
* * * LOW HITPOINT WARNING * * *
You hit the gnoll sergeant but do no damage.
Your headbutt misses the gnoll sergeant.
* * * LOW HITPOINT WARNING * * *
You feel sick. The gnoll sergeant closely misses you.
The gnoll hits you but does no damage.
You barely miss the gnoll sergeant. The gnoll sergeant blocks your attack.
* * * LOW HITPOINT WARNING * * *
You feel very sick. The gnoll sergeant barely misses you.
The gnoll sergeant blocks your attack.
You headbutt the gnoll sergeant, but do no damage.
* * * LOW HITPOINT WARNING * * *
You feel sick.
The gnoll hits you from afar with a spear!
You die...

#.....#.#.#.#.#......
#...#.#.#.#.#+####..
#.....#.#.#.#...#
.#.#.#.#.#.#+...#
#.#.#.#.#.#.#?....
.#.#.#.#.#.#........
.#.#.#<#.#.#.######
.#.#.#)#.#.#..
#.#.#@#g#.###
#.#.#.#g#.#.# #.#.#g#
#g#.## #.#.#.# #.#.#
#.#.#.# #.## .#.#.#
#.# .#.# ## .#


You could see a gnoll sergeant and 2 gnolls.

Vanquished Creatures
  An ogre (D:4)
  A howler monkey (D:4)
  A hound (D:3)
  An orc priest (D:4)
  2 orc wizards (D:4)
  3 worker ants (D:4)
  A hound skeleton (D:4)
  2 gnolls (D:5)
  3 adders
  An ooze (D:4)
  3 worms
  3 dart slugs
  4 leopard geckos
  10 orcs
  4 giant cockroaches
  7 goblins
  10 hobgoblins
  4 jackals (D:3)
  2 quokkas
  6 bats
  A jackal skeleton (D:4)
  8 kobolds
  A leopard gecko skeleton (D:4)
  10 rats
89 creatures vanquished.

Notes
Turn   | Place    | Note
-------+----------+-------------------------------------------
     0 | D:1      | GagarinX the Minotaur Fighter began the quest for the Orb.
     0 | D:1      | Reached XP level 1. HP: 19/19 MP: 0/0
    73 | D:1      | Reached skill level 3 in Long Blades
   288 | D:1      | Reached XP level 2. HP: 27/27 MP: 1/1
  1016 | D:1      | Reached skill level 4 in Long Blades
  1252 | D:2      | Reached XP level 3. HP: 33/33 MP: 2/2
  1775 | D:2      | Found a glowing golden altar of the Shining One.
  1829 | D:3      | Found a hazy altar of Hepliaklqana.
  1840 | D:3      | Found a blossoming altar of Fedhas.
  1935 | D:3      | Reached skill level 5 in Long Blades
  2039 | D:3      | Reached XP level 4. HP: 39/40 MP: 3/3
  2191 | D:3      | You fall through a shaft for 2 floors!
  2191 | D:5      | Entered Level 5 of the Dungeon
  2225 | D:4      | Found a staircase to the Ecumenical Temple.
  2233 | Temple   | Entered the Ecumenical Temple
  2263 | Temple   | Became a worshipper of Warmaster Okawaru
  2609 | D:3      | Reached skill level 6 in Long Blades
  2682 | D:4      | Reached XP level 5. HP: 32/46 MP: 4/4
  2775 | D:4      | Found a basalt altar of Yredelemnul.
  2797 | D:4      | Reached skill level 7 in Long Blades
  3043 | D:4      | Found a snail-covered altar of Cheibriados.
  3151 | D:4      | Reached * piety under Okawaru
  3157 | D:4      | Found an ornate altar of the Wu Jian Council.
  3312 | D:4      | Reached XP level 6. HP: 52/52 MP: 5/5
  3346 | D:4      | Found an ancient bone altar of Kikubaaqudgha.
  3706 | D:4      | Reached skill level 8 in Long Blades
  4200 | D:5      | Reached skill level 9 in Long Blades
  4212 | D:5      | Slain by a gnoll

Vault maps used:
D:1:      lightli_molten_gateway
D:2:      tso_altar
D:3:      overflow_temple_1_default, lemuel_doored_altar
D:4:      minmay_wonky_spiral, kennysheep_slug_shrine,
          nicolae_overflow_crystal_walls, kiku_gazebo_pond_becter,
          yredelemnul_altar_generic, minmay_temple_entry_hall
D:5:      dancing_weapons_uskayaw, chequers_ossuary_entry_cave, first_bread,
          serial_shops, nicolae_shop_overgrown_old_shop, uniq_edmund,
          uniq_grinder
Temple:   eino_wide_crystal_templ

Skill      XL: |  1  2  3  4  5  6 |
---------------+-------------------+-----
Long Blades    | 3 4 5 6 7 9 |  9.0
Fighting       | |  3.7
Armour         | |  3.6
Shields        | |  3.6

Action                   |  1- 3 |  4- 6 || total
-------------------------+-------+-------++-------
Melee: Long sword        |   113 |   123 ||   236
       Headbutt          |    15 |    19 ||    34
Invok: Heroism           |       |     2 ||     2
  Eat: Chunk             |     4 |     6 ||    10
Armor: Scale mail        |    73 |    44 ||   117
       Ring mail         |       |    22 ||    22
Dodge: Dodged            |    57 |    59 ||   116
Block: Shield            |     1 |       ||     1
       Rpst.: Long sword |    21 |    15 ||    36
